 Dungeon Crawl Stone Soup version 0.28.0-1-gb440e238dd (webtiles) character file.

Game seed: 2728461110907655908

74 Ablot the Grasshopper (level 4, -1/38 HPs)
             Began as a Gnoll Warper on Feb 26, 2022.
             Succumbed to a water moccasin's poison
             ... in a sewer.
             The game lasted 00:03:01 (2890 turns).

Ablot the Grasshopper (Gnoll Warper)                Turns: 2890, Time: 00:03:02

Health: -1/38      AC:  6    Str: 12    XL:     4   Next: 28%
Magic:  11/11      EV: 12    Int: 13    God:
Gold:   154        SH:  0    Dex: 11    Spells: 11/13 levels left

rFire   . . .      SeeInvis .   a - +0 spear
rCold   . . .      Faith    .   (no shield)
rNeg    . . .      Spirit   .   b - +0 leather armour
rPois   .          Reflect  .   (no helmet)
rElec   .          Harm     .   (no cloak)
rCorr   .          Rampage  .   m - +2 pair of gloves
Will    .....                   (no boots)
Stlth   +.........              (no amulet)
HPRegen 0.12/turn               (no ring)
MPRegen 0.12/turn               (no ring)

@: lethally poisoned (-1 -> -15)
A: fangs 1, strong nose, distributed training
a: no special abilities


You were in a sewer.
You visited 1 branch of the dungeon, and saw 3 of its levels.
You also visited: Sewer.

You collected 154 gold pieces.

Inventory:

Hand Weapons
 a - a +0 spear (weapon)
Missiles
 d - 2 boomerangs of dispersal (quivered)
 g - 106 stones
 h - 70 sling bullets
 q - 22 bolts
Armour
 b - a +0 leather armour (worn)
 m - a +2 pair of gloves (worn)
Scrolls
 c - 2 scrolls of blinking
 f - a scroll of noise {unknown}
 i - 2 scrolls of identify {unknown}
 l - a scroll of magic mapping {unknown}
 n - a scroll of amnesia {unknown}
 p - a scroll of vulnerability {unknown}
 s - 3 scrolls of fear {unknown}
Potions
 e - a potion of berserk rage {unknown}
 j - a potion of haste {unknown}
 k - 2 potions of degeneration {unknown}
 o - a potion of mutation {unknown}
 r - a potion of heal wounds {unknown}


   Skills:
 + Level 4.6 Fighting
 + Level 1.1 Short Blades
 + Level 1.1 Long Blades
 + Level 1.1 Axes
 + Level 1.1 Maces & Flails
 + Level 4.6 Polearms
 + Level 1.1 Staves
 + Level 1.1 Slings
 + Level 1.1 Bows
 + Level 1.1 Crossbows
 + Level 2.7 Throwing
 + Level 2.7 Armour
 + Level 4.6 Dodging
 + Level 1.1 Stealth
 + Level 1.1 Shields
 + Level 1.1 Unarmed Combat
 + Level 5.0 Spellcasting
 + Level 0.8 Conjurations
 + Level 0.8 Hexes
 + Level 0.8 Summonings
 + Level 0.8 Necromancy
 + Level 5.4 Translocations
 + Level 0.8 Transmutations
 + Level 0.8 Fire Magic
 + Level 0.8 Ice Magic
 + Level 0.8 Air Magic
 + Level 0.8 Earth Magic
 + Level 0.8 Poison Magic
 + Level 1.2 Invocations
 + Level 1.1 Evocations


You had 11 spell levels left.
You knew the following spells:

 Your Spells              Type           Power      Damage    Failure   Level
a - Blink                 Tloc           34%        N/A       3%          2

Your spell library contained the following spells:

 Spells                   Type           Power      Damage    Failure   Level
 Gell's Gravitas          Tloc           17%        N/A       8%          3
 Lesser Beckoning         Tloc           17%        N/A       8%          3
 Teleport Other           Tloc           17%        N/A       8%          3
 Manifold Assault         Tloc           17%        N/A       56%         5


Dungeon Overview and Level Annotations

Branches:
Dungeon (3/15)              Sewer (1/1)

Altars:


Innate Abilities, Weirdness & Mutations

You have very sharp teeth.
Your uncanny sense of smell can sniff out nearby items.
Your experience applies equally to all skills.


Message History

Press: ? - help, Q - select action, (/) - cycle Shift-Dir - straight line, f/p - water moccasin
Aim: a water moccasin (40% to hit)
You throw a boomerang of dispersal.
The boomerang of dispersal barely misses the water moccasin.
The water moccasin bites you but does no damage.
The water moccasin bites you!
You are poisoned.
The water moccasin poisons you!
You closely miss the water moccasin. Your punch misses the water moccasin.
You feel very sick. The water moccasin bites you.
You hit the water moccasin.
The water moccasin is lightly wounded.
You feel sick. The water moccasin bites you. x2
You hit the water moccasin.
The water moccasin is moderately wounded.
You feel sick.
The water moccasin bites you but does no damage.
You completely miss the water moccasin.
The water moccasin is moderately wounded.
You feel sick.
The water moccasin bites you but does no damage.
You barely miss the water moccasin.
The water moccasin is moderately wounded.
You feel sick. The water moccasin misses you.
You hit the water moccasin.
The water moccasin is moderately wounded.
You feel sick. The water moccasin barely misses you.
The water moccasin bites you!
* * * LOW HITPOINT WARNING * * *
You barely miss the water moccasin.
The water moccasin is moderately wounded.
The water moccasin bites you.
* * * LOW HITPOINT WARNING * * *
You are more poisoned.
The water moccasin poisons you!
Unknown command.
You closely miss the water moccasin.
The water moccasin is moderately wounded.
You die...

##...##
#..≈..#
#..≈≈.##
#.≈≈#.≈.#
#..###..##
#.≈≈ #≈≈.#
#.≈# ##..#
#.. #..#
#. #@.#
##S.#
#≈≈.#
#..##
#≈..#
..≈..##
#≈≈≈..
##≈≈.#
#≈..


You could see a water moccasin.

Vanquished Creatures
  An adder (D:2)
  5 endoplasms
  4 giant cockroaches
  7 goblins
  5 hobgoblins
  3 jackals (Sewer)
  7 quokkas
  4 ball pythons
  4 bats
  5 frilled lizards
  3 kobolds
  9 rats
57 creatures vanquished.

Notes
Turn   | Place    | Note
-------+----------+-------------------------------------------
     0 | D:1      | Ablot the Gnoll Warper began the quest for the Orb.
     0 | D:1      | Reached XP level 1. HP: 20/20 MP: 6/6
   355 | D:1      | Reached XP level 2. HP: 18/26 MP: 7/7
   358 | D:1      | Learned a level 2 spell: Blink
  1067 | D:2      | Reached skill level 5 in Spellcasting
  1067 | D:2      | Reached XP level 3. HP: 15/31 MP: 7/9
  1468 | D:2      | Reached skill level 1 in Invocations
  2277 | D:3      | Reached skill level 1 in Short Blades
  2277 | D:3      | Reached skill level 1 in Long Blades
  2277 | D:3      | Reached skill level 1 in Axes
  2277 | D:3      | Reached skill level 1 in Maces & Flails
  2277 | D:3      | Reached skill level 1 in Staves
  2277 | D:3      | Reached skill level 1 in Slings
  2277 | D:3      | Reached skill level 1 in Bows
  2277 | D:3      | Reached skill level 1 in Crossbows
  2277 | D:3      | Reached skill level 1 in Stealth
  2277 | D:3      | Reached skill level 1 in Shields
  2277 | D:3      | Reached skill level 1 in Unarmed Combat
  2277 | D:3      | Reached skill level 1 in Evocations
  2427 | D:3      | Reached XP level 4. HP: 38/38 MP: 11/11
  2447 | D:3      | Found a faded altar of an unknown god.
  2639 | D:3      | Found a glowing drain.
  2681 | Sewer    | Entered a sewer
  2874 | Sewer    | Noticed a water moccasin
  2890 | Sewer    | Succumbed to a water moccasin's poison

Illustrated notes

Levels and vault maps discovered:
D:1:      heliophobic_arrival_battle_scene, layout_loops_corners
D:2:      layout_basic
D:3:      layout_basic, portal_sewer_entry_f, gammafunk_ghost_stat_death,
          hellmonk_ecumenical_altar_heavens_door, hangedman_decor_peaks_small
Sewer:    sewer_the_moccasin

Skill      XL: |  1  2  3 |
---------------+----------+-----
Spellcasting   | 5 |  5.0
Invocations    | 1 |  1.2
Short Blades   | 1 |  1.1
Long Blades    | 1 |  1.1
Axes           | 1 |  1.1
Maces & Flails | 1 |  1.1
Staves         | 1 |  1.1
Slings         | 1 |  1.1
Bows           | 1 |  1.1
Crossbows      | 1 |  1.1
Stealth        | 1 |  1.1
Shields        | 1 |  1.1
Unarmed Combat | 1 |  1.1
Evocations     | 1 |  1.1
Fighting       | |  4.6
Polearms       | |  4.6
Throwing       | |  2.7
Armour         | |  2.7
Dodging        | |  4.6
Conjurations   | |  0.8
Hexes          | |  0.8
Summonings     | |  0.8
Necromancy     | |  0.8
Translocations | |  5.4
Transmutations | |  0.8
Fire Magic     | |  0.8
Ice Magic      | |  0.8
Air Magic      | |  0.8
Earth Magic    | |  0.8
Poison Magic   | |  0.8

Action                   |  1- 3 |  4- 6 || total
-------------------------+-------+-------++-------
Melee: Spear             |   137 |    76 ||   213
       Bite              |     7 |     7 ||    14
       Punch             |     2 |       ||     2
Throw: Boomerang         |       |     3 ||     3
 Stab: Sleeping          |     1 |       ||     1
Armor: Leather armour    |    28 |    24 ||    52
Dodge: Dodged            |    55 |    41 ||    96
